[Event "UK vs Ukraine Challenge Match 2023"]
[Site "London"]
[Date "2023.03.21"]
[Round "1.1"]
[White "Volokitin, Andrei"]
[Black "Adams, Michael"]
[Result "1/2-1/2"]
[ECO "C54"]
[WhiteElo "2665"]
[BlackElo "2687"]
[Annotator "TA"]
[PlyCount "98"]
[EventDate "2023.03.15"]
[EventType "match"]
[EventCountry "ENG"]
[SourceTitle "playchess.com"]
[Source "ChessBase"]
[SourceQuality "1"]
[TimeControl "40/6000+30:3000+30"]

1. e4 e5 2. Nf3 Nc6 3. Bc4 Bc5 4. O-O d6 5. c3 Nf6 6. d3 a5 {[%emt 0:00:53] C54: Giuoco Piano: 4 c3 Nf6, main lines with 5 d4 and 5 d3.} 7. Re1 Ba7 8. Na3 O-O 9. h3 h6 10. Nb5 Bb6 11. Be3 Bxe3 12. Rxe3 Re8 13. Qb3 Be6 14. Bxe6 Rxe6 {[%emt 0:00:28] [#]} 15. c4 $146 ({Predecessor:} 15. d4 Re8 16. d5 Ne7 17. c4 Nd7 18. Qc2 Nc5 19. b3 Rf8 20. Nh4 c6 21. dxc6 bxc6 {½-½ Nepomniachtchi,I (2766)-Firouzja,A (2793) Zagreb SuperUnited Rapid 2022 (2)}) 15... a4 16. Qd1 Qd7 17. Rc1 Ra6 18. Qe2 Nh5 19. g3 {[%emt 0:06:41] [#]} Nf4 $1 {[%emt 0:04:07][%mdl 64] Double Attack} 20. Qf1 ({Much worse is} 20. gxf4 exf4 21. Nfd4 (21. Nxc7 $2 Qxc7 22. d4 fxe3 $19) 21... Nxd4 22. Nxd4 Rg6+ 23. Kh2 fxe3 $17) 20... Rg6 21. Nh4 Rg5 22. Kh2 Rh5 23. Nf5 Ne6 (23... Rxh3+ $2 24. Kg1 $18) (23... Nxh3 {should be considered.} 24. g4 Rxf5 25. gxf5 Nf4) 24. f4 Rb6 25. Qf3 {[%emt 0:04:44] [#]} (25. Rc2 $11) 25... Rxf5 $1 26. exf5 $11 Ned4 27. Nxd4 Nxd4 28. Qf2 exf4 29. gxf4 {[%emt 0:00:23][%cal Of5f6] aiming for f6!} Nxf5 30. Re4 Kh7 31. Rc2 c5 32. Rce2 d5 33. cxd5 Rd6 34. Re5 f6 35. Re8 (35. Re6 $5 ) 35... Rxd5 36. Qg2 Rxd3 37. Qe4 $1 Rd4 $36 {[%emt 0:01:37][%mdl 2048] White is under pressure.} 38. Qe6 {[%emt 0:00:29] Hoping for Qg8+.} Qxe6 39. R8xe6 {[%emt 0:00:03][%mdl 4096] Endgame KRR-KRN} b5 40. Rc6 c4 41. Rf2 b4 42. Rc5 Ne3 43. f5 {[%emt 0:00:29] [#]} (43. Re2 $15 Rd3 44. Kg1) 43... b3 ({Black should try} 43... Rd3 $1 $17 44. Rc8 h5) 44. axb3 {[%emt 0:08:18] The position is equal.} cxb3 45. Ra5 h5 46. Re2 Rd3 47. Rf2 Rd4 48. Re2 Rd3 49. Rf2 Rd4 {[%emt 0:00:16] Weighted Error Value: White=0.07 (flawless) /Black=0.08 (flawless)} 1/2-1/2

[Event "UK vs Ukraine Challenge Match 2023"]
[Site "London"]
[Date "2023.03.23"]
[Round "2.1"]
[White "Adams, Michael"]
[Black "Volokitin, Andrei"]
[Result "0-1"]
[ECO "B51"]
[WhiteElo "2687"]
[BlackElo "2665"]
[Annotator "TA"]
[PlyCount "108"]
[EventDate "2023.03.15"]
[EventType "match"]
[EventCountry "ENG"]
[SourceTitle "playchess.com"]
[Source "ChessBase"]
[SourceQuality "1"]
[TimeControl "40/6000+30:3000+30"]

1. e4 c5 2. Nf3 d6 3. Bb5+ Nd7 4. d4 cxd4 5. Nxd4 Ngf6 6. Bd3 {[%emt 0:00:15] B51: Sicilian: Moscow Variation (3 Bb5+) without 3...Bd7.} Nc5 7. Nc3 g6 8. O-O {[%emt 0:01:11] The position is equal.} Bg7 9. Re1 O-O 10. Bf1 b6 11. f3 Bb7 12. Be3 a6 13. Qd2 Qc7 14. a4 Rfd8 15. Bh6 {[%emt 0:07:16] [#]} Bh8 $146 ({Predecessor:} 15... Ncd7 16. Rad1 e6 17. Bxg7 Kxg7 18. Qf2 h6 19. Qe3 Rac8 20. h3 e5 21. Nb3 Nc5 22. Nxc5 dxc5 {½-½ Deakin,C (2278)-Simplina,A (2204) WZ-ch sf20 email 2021}) 16. Qf2 e5 {[%emt 0:05:43] [#]} 17. Nf5 d5 {[%emt 0:01:51] [#]} (17... gxf5 $2 18. Qg3+ $16) 18. exd5 Nxd5 {[%emt 0:00:53] [#]} 19. Qh4 $1 {[%emt 0:13:32] Hoping for Nxd5.} Rd7 (19... Re8 20. Nxd5) 20. Nxd5 Bxd5 {[%emt 0:00:02] [#]} 21. Rad1 $1 Re8 $1 22. Ne3 Be6 23. Rxd7 Qxd7 24. Rd1 Qc7 25. b3 Bg7 26. Bg5 h5 27. Nc4 Nb7 28. Kh1 b5 29. axb5 axb5 30. Ne3 Qc5 31. b4 Qb6 32. Qe1 Nd6 33. Qd2 Nc4 34. Bxc4 bxc4 35. c3 Qb5 36. Bd8 e4 37. f4 ({White should play} 37. fxe4 Qb7 38. Kg1) 37... Qb8 $1 $17 38. Bg5 f6 39. f5 gxf5 (39... Bxf5 $6 40. Nxf5 fxg5 41. Qd5+ Kh7 42. Qf7 (42. Nxg7 Kxg7 43. Qxg5 Qa7 $11) 42... gxf5 43. Rd7 $11) 40. Bh4 f4 41. Nd5 {[%emt 0:03:09][%mdl 8192] This costs White the game.} (41. Nc2 $17 {only move.}) 41... Qe5 $1 $19 {[%emt 0:20:31] ...e3 would be deadly.} 42. Nxf4 {[%emt 0:01:14] [#]} Bh6 $1 43. Rf1 e3 44. Qc2 {[%emt 0:01:18] White wants to mate with Qg6+.} Bf5 {[%emt 0:00:35] Prevents Qg6+.} (44... Bxf4 $2 45. Qg6+ Kf8 46. Bxf6 $18) 45. Qe2 Bxf4 {[%emt 0:03:25] A strong pair of Bishops.} 46. Qxc4+ Be6 47. Qxf4 e2 {[%emt 0:00:06] And now ...Ra8 would win. White is weak on the light squares} (47... Qxc3 48. Bxf6) 48. Rf3 Rd8 {[%emt 0:13:11] ( -> ...Rd1+)} (48... e1=B 49. Qxe5 (49. Bxf6 $2 Qxf4 50. Rxf4 Bd7 $17) 49... fxe5 50. Bxe1 $16) (48... e1=Q+ $2 49. Bxe1 Qxe1+ 50. Rf1 Qxc3 51. Qxf6 Qxf6 52. Rxf6 $19) 49. h3 {[%emt 0:03:16] [#]} Rd1+ $1 (49... e1=R+ 50. Bxe1 Qxe1+ 51. Kh2 $15 (51. Rf1 Qxc3 52. Qxf6 Qxf6 $17)) 50. Kh2 e1=Q (50... e1=B 51. Qxe5 fxe5 52. Bxe1 Rxe1 53. Rf6 $19) 51. Bxe1 Rxe1 (51... Qxe1 52. Qxf6 Qg1+ 53. Kg3 Qe1+ 54. Kh2 Qg1+ 55. Kg3 Qe1+ 56. Kh2 $11) 52. b5 (52. Qg3+ $142 Kf7 53. Qxe5 Rxe5 54. Kg3) 52... Kf7 (52... Qxb5 53. Qg3+ $16 (53. Qxf6 Qb1 $11) (53. Qxf6 Qb1 $11)) 53. Kg3 $2 (53. Rf2) 53... h4+ ({Stronger than} 53... Qxb5 54. Qxf6+ Ke8 55. Kh4 $17 (55. Qh8+ Kd7 $17)) 54. Kh2 Kg6 {[%emt 0:00:39] Weighted Error Value: White=0.30/Black=0.09 (flawless)} ({Inferior is} 54... Qxb5 55. Qxf6+ Ke8 56. Qxh4 (56. Qh8+ Kd7 $15) 56... Qe5+ 57. Qg3 $15) 0-1

[Event "UK vs Ukraine Challenge Match 2023"]
[Site "London"]
[Date "2023.03.24"]
[Round "3.1"]
[White "Volokitin, Andrei"]
[Black "Adams, Michael"]
[Result "1/2-1/2"]
[ECO "C54"]
[WhiteElo "2665"]
[BlackElo "2687"]
[Annotator "TA"]
[PlyCount "79"]
[EventDate "2023.03.15"]
[EventType "match"]
[EventCountry "ENG"]
[SourceTitle "playchess.com"]
[Source "ChessBase"]
[SourceQuality "1"]
[TimeControl "40/6000+30:3000+30"]

1. e4 e5 2. Nf3 Nc6 3. Bc4 Bc5 4. O-O Nf6 5. d3 d6 6. c3 O-O 7. Re1 {[%emt 0:00:16] is the new trend.} Bb6 {[%emt 0:00:09] C54: Giuoco Piano: 4 c3 Nf6, main lines with 5 d4 and 5 d3.} 8. h3 h6 9. Nbd2 Ne7 10. a4 {[%emt 0:00:45] [#] Hoping for a5.} a5 11. Bb3 c6 12. Nf1 Ng6 13. Ng3 d5 14. exd5 Nxd5 15. d4 exd4 16. Nxd4 Re8 17. Rxe8+ Qxe8 18. Bxd5 cxd5 19. Be3 Bc7 {[%emt 0:01:23] [#] White must now prevent ...Bxg3.} 20. Qd3 $146 ({Predecessor:} 20. Qd2 Bd7 21. b3 Bxg3 22. fxg3 Qe5 23. Qf2 Rc8 24. Rf1 f6 25. Re1 Qd6 26. Nf5 Bxf5 27. Qxf5 {½-½ Vidit,S (2727)-Esipenko,A (2714) Tata Steel-A 84th 2022 (4)}) 20... Bxg3 21. fxg3 Bd7 22. b3 Qe5 23. Bf2 Re8 24. Re1 Qb8 25. Rxe8+ Qxe8 26. Nb5 Qe5 27. Kh2 (27. Qd4 {feels hotter.} Qe2 28. Qb6 Bf5 29. Qxb7 Ne5 30. Qxd5 Bxh3 31. c4) 27... Ne7 {[%emt 0:16:35] The position is equal.} 28. Bd4 Qe6 29. g4 f5 30. gxf5 Nxf5 31. Bf2 Qe5+ 32. Kg1 Kh8 33. Nd4 Kg8 (33... Nxd4 {simplifies} 34. Qxd4 Qxd4 35. Bxd4 b5) 34. Qe2 (34. Ne2 {simplifies} Be8 35. Qd2 Bc6 36. g4) 34... Qf4 35. Qf3 Qxf3 36. Nxf3 b5 37. axb5 Bxb5 38. Nd4 Nxd4 39. Bxd4 a4 40. bxa4 {[%emt 0:00:00] Weighted Error Value: White=0.04 (flawless) /Black=0.03 (flawless)} 1/2-1/2

[Event "UK vs Ukraine Challenge Match 2023"]
[Site "London"]
[Date "2023.03.25"]
[Round "4.1"]
[White "Adams, Michael"]
[Black "Volokitin, Andrei"]
[Result "1-0"]
[ECO "B53"]
[WhiteElo "2687"]
[BlackElo "2665"]
[Annotator "TA"]
[PlyCount "79"]
[EventDate "2023.03.15"]
[EventType "match"]
[EventCountry "ENG"]
[SourceTitle "playchess.com"]
[Source "ChessBase"]
[SourceQuality "1"]
[TimeControl "40/6000+30:3000+30"]

1. e4 c5 2. Nf3 d6 3. d4 cxd4 4. Qxd4 Nf6 5. Be2 Nc6 6. Qe3 {[%emt 0:00:14] B53: Sicilian: 2...d6: Lines with Qxd4.} g6 7. O-O Bg7 8. Rd1 {[%emt 0:00:06] The position is equal.} O-O 9. Nc3 Ng4 10. Qg5 Bxc3 11. bxc3 Qa5 12. Qh4 {[%emt 0:23:44] [#]} (12. Nd4 $5 ) 12... Qxc3 $146 ({Predecessor:} 12... f6 13. Bd2 Qc7 14. Nd4 Nge5 15. f4 Nxd4 16. cxd4 Nc4 17. Bc1 Bd7 18. Qg3 Rac8 {1-0 Gallagher,D (2204)-White,S (2041) BCF-chT 2122 (4NCL) 2021 (1.125)}) 13. Bd2 (13. Ng5 $2 h6 $19) 13... Qf6 {[%emt 0:07:00] [#] Strongly threatening ...Nd4.} 14. Bg5 Qe6 15. Nd4 Nxd4 (15... Qxe4 $2 16. Bf3 Qe5 17. Nxc6 bxc6 18. Bxg4 $18) 16. Rxd4 h6 17. Bxe7 {[%emt 0:08:45] A strong pair of Bishops.} g5 18. Qxg4 Qxe7 (18... Qe5 19. Qh5 Qxd4 20. Rd1 $16) 19. Qh5 (19. Qg3 {simplifies} Qe5 20. Rad1 Be6 21. Rxd6 Qxg3 22. hxg3 Bxa2 23. Rxh6 a5 24. e5) 19... Kg7 20. Rad1 Rd8 21. f4 {[%emt 0:12:49][%cal Bf2f4,Bf4f5][%mdl 32] White has more active pieces.} Be6 {[%emt 0:08:40] [#] Black cannot hold the game after this.} (21... gxf4 $14 22. e5 {[%mdl 64] Discovered Attack} Qg5) 22. f5 $1 $18 Bxa2 23. Ra4 {[%emt 0:01:11][%mdl 64] Trapped Piece} d5 {[%emt 0:00:23] Black is weak on the light squares} 24. Rxa2 dxe4 25. Rf1 {[%emt 0:00:47] f6+ would be deadly.} Qf6 26. Qg4 Re8 27. Ra4 e3 28. Qf3 Re7 29. Ra3 Rc8 30. c4 ({Resist} 30. Rxe3 $6 Rxe3 31. Qxe3 Rxc2 $16) 30... Rc6 (30... b6 $142 31. Rxe3 Rxe3 32. Qxe3 a5) 31. Rxa7 ({Weaker is} 31. Rxe3 Qd4 32. Kf2 (32. f6+ Rxf6 33. Qxf6+ Qxf6 $16) 32... Qh4+ 33. Qg3 Qd4 $18) 31... Rb6 32. Ra3 Qe5 33. Rd3 Rf6 34. h4 gxh4 (34... Qe4 $142 35. Qxe4 Rxe4 36. hxg5 hxg5) 35. Qg4+ {[%emt 0:01:12] White is clearly winning.} Kh7 36. Qxh4 Re8 {[%emt 0:00:19] Against Rd8} 37. Rd5 Qb2 38. Re1 (38. Rd4 $142 Qb6 39. c5) 38... Rg8 39. Qd4 Qb4 (39... Qxd4 $142 40. Rxd4 Kg7) 40. Rd1 {[%emt 0:00:00] Weighted Error Value: White=0.18 (very precise) /Black=0.25 (precise)} 1-0

[Event "UK vs Ukraine Challenge Match 2023"]
[Site "London"]
[Date "2023.03.27"]
[Round "5.1"]
[White "Volokitin, Andrei"]
[Black "Adams, Michael"]
[Result "1-0"]
[ECO "C54"]
[WhiteElo "2665"]
[BlackElo "2687"]
[Annotator "TA"]
[PlyCount "83"]
[EventDate "2023.03.15"]
[EventType "match"]
[EventCountry "ENG"]
[SourceTitle "playchess.com"]
[Source "ChessBase"]
[SourceQuality "1"]
[TimeControl "40/6000+30:3000+30"]

1. e4 e5 2. Nf3 Nc6 3. Bc4 Bc5 4. O-O Nf6 5. d3 O-O 6. h3 d6 7. c3 Bb6 {[%emt 0:02:01] Recently 7...a5 got a lot of attention.} 8. Re1 {[%emt 0:00:19] C54: Giuoco Piano: 4 c3 Nf6, main lines with 5 d4 and 5 d3.} h6 9. Nbd2 Ne7 10. a4 {[%emt 0:00:19] And now a5 would win. White has an edge.} a5 11. d4 Nc6 12. Ra3 Re8 13. Ba2 {[%emt 0:00:21] [#]} (13. Qb3 $5 Rf8 14. dxe5 Nxe5 15. Nxe5 dxe5 16. Nf3 $11) 13... Ba7 $146 ({Predecessor:} 13... Bd7 14. Bb1 exd4 15. cxd4 Nxd4 16. Nxd4 Bxd4 17. Rd3 Bc5 18. e5 Rxe5 19. Rxe5 dxe5 {½-½ Vidit,S (2714)-Oparin,G (2683) Chess.com Rapid Wk21 Swiss 2022 (6)}) 14. Rb3 (14. Qb3 $5 ) 14... Rb8 15. Bb1 Bd7 (15... exd4 $11 16. cxd4 Nxd4 17. Nxd4 Bxd4) 16. Nc4 (16. Nf1 $1 $14) 16... exd4 $11 17. cxd4 Nb4 (17... d5 $11 18. exd5 Nxd5) 18. Rbe3 $14 b5 19. axb5 Bxb5 20. Nxa5 c5 21. Ra3 (21. Nh4 $5 ) 21... Bb6 $1 22. Nb3 c4 23. Nbd2 Nd3 24. Re3 Rc8 25. b3 d5 26. e5 {[%emt 0:02:01] aiming for bxc4.} Nh5 $2 {[%emt 0:03:44] Loses the game.} ({Black should play} 26... Ne4 $1 $14) 27. bxc4 $18 {[%emt 0:03:14][%mdl 64] Deflection} dxc4 {[%emt 0:00:08] [#]} 28. Ne4 $1 {[%emt 0:00:13] Strongly threatening Nd6.} Re6 (28... Nxe5 {is a better defense.} 29. Nxe5 Rxe5) 29. Nc3 Bd7 30. Bxd3 cxd3 31. Rxd3 Rg6 32. Kh2 ({But not} 32. g4 Ba5 33. e6 Rxe6 34. gxh5 Re8) 32... Bf5 {[%emt 0:01:29] [#]} 33. g4 $1 Bxd3 34. Qxd3 Nf6 35. exf6 Rxf6 36. Kg2 h5 37. g5 {[%emt 0:01:04] White is clearly winning.} ({Don't take} 37. gxh5 Qd7 38. Qe4 Re6 $18) 37... Re6 38. Bf4 Bc5 39. Rb3 Bd6 40. Bxd6 Qxd6 41. Ne4 Qd5 42. Ng3 {[%emt 0:01:21] Weighted Error Value: White=0.04 (flawless) /Black=0.27 (precise)} 1-0

[Event "UK vs Ukraine Challenge Match 2023"]
[Site "London"]
[Date "2023.03.28"]
[Round "6.1"]
[White "Adams, Michael"]
[Black "Volokitin, Andrei"]
[Result "0-1"]
[ECO "C42"]
[WhiteElo "2687"]
[BlackElo "2665"]
[Annotator "TA"]
[PlyCount "70"]
[EventDate "2023.03.15"]
[EventType "match"]
[EventCountry "ENG"]
[SourceTitle "playchess.com"]
[Source "ChessBase"]
[SourceQuality "1"]
[TimeControl "40/6000+30:3000+30"]

1. e4 e5 2. Nf3 Nf6 3. Nxe5 d6 4. Nf3 Nxe4 5. d3 Nf6 6. d4 g6 {[%emt 0:00:07] C42: Petroff Defence: 3 Nxe5 and unusual White 3rd moves.} 7. Bd3 Bg7 8. O-O O-O {[%emt 0:00:07] The position is equal.} 9. c3 Re8 10. a4 c5 {[%emt 0:17:54] [#]} 11. d5 $146 ({Predecessor:} 11. Na3 Nc6 12. dxc5 dxc5 13. Bb5 Bd7 14. Be3 a6 15. Be2 Qe7 16. Re1 Rad8 17. Qb3 {0-1 Jobava,B (2578)-Xiong,J (2690) Titled Tuesday intern op 20th Sep Late blitz 2022 (9)}) 11... Bg4 (11... Nxd5 12. Bb5 Be6 13. Bxe8 Qxe8 14. Ng5 $16) 12. h3 Bxf3 13. Qxf3 Nbd7 14. Qd1 Nxd5 15. Bxg6 {[%emt 0:06:58][%mdl 64] [#] Discovered Attack} hxg6 16. Qxd5 Qb6 17. Rd1 Re5 (17... Qc6 {with more complications.} 18. Kf1 Re6 19. Bf4 Qa6+) 18. Qd3 Rae8 {[%emt 0:00:55] Hoping for ...Re1+.} 19. Nd2 Re1+ 20. Nf1 c4 21. Qd5 {[%emt 0:03:48] Black converts the advantage convincingly.} (21. Rxe1 $11 {remains equal.} Rxe1 22. Qd2) 21... R8e5 {[%emt 0:03:00] Black is much more active. The white rooks are badly placed.} ({Don't play} 21... R8e2 22. Be3 Rxd1 23. Rxd1 $14) 22. Qf3 {[%emt 0:03:27] [#] Strongly threatening Rxe1.} Rf5 $1 $36 {[%emt 0:00:19][%mdl 2048] Black is really pushing.} 23. Qxf5 ({Reject} 23. Rxe1 Rxf3 24. gxf3 Ne5 $19) (23. Bf4 $17 {is a better chance.} Ne5 24. Qg3 Rxd1 25. Rxd1) 23... Rxf1+ $19 ({And not} 23... gxf5 24. Rxe1 Ne5 25. Re2 $15) 24. Kxf1 gxf5 25. a5 Qc6 26. Be3 Ne5 27. Bxa7 Nd3 28. Rd2 Bh6 29. Rc2 Nf4 30. f3 Qd5 31. Rf2 Qd3+ 32. Ke1 Qd5 (32... Bg7 $142 33. Rd1 Bxc3+ 34. bxc3 Qxc3+ 35. Kf1 Qxa5) 33. Kf1 $1 Bg5 {[%emt 0:00:52] Threatens to win with ...Bh4. Black is clearly winning.} 34. Bd4 Ne6 35. Bb6 Bh4 {[%emt 0:00:38] Weighted Error Value: White=0.26 (precise) /Black=0.32} 0-1

[Event "UK vs Ukraine Challenge Match 2023"]
[Site "London"]
[Date "2023.03.29"]
[Round "7.1"]
[White "Volokitin, Andrei"]
[Black "Adams, Michael"]
[Result "1/2-1/2"]
[ECO "C54"]
[WhiteElo "2665"]
[BlackElo "2687"]
[Annotator "TA"]
[PlyCount "72"]
[EventDate "2023.03.15"]
[EventType "match"]
[EventCountry "ENG"]
[SourceTitle "playchess.com"]
[Source "ChessBase"]
[SourceQuality "1"]
[TimeControl "40/6000+30:3000+30"]

1. e4 e5 2. Nf3 Nc6 3. Bc4 Bc5 4. c3 Nf6 5. d4 exd4 6. e5 d5 7. Bb5 Ne4 8. cxd4 Bb6 9. Nc3 O-O 10. Be3 {[%emt 0:00:05] C54: Giuoco Piano: 4 c3 Nf6, main lines with 5 d4 and 5 d3.} Bg4 11. h3 Bh5 12. Qc2 Ba5 13. O-O Bxf3 14. gxf3 Ng5 {[%emt 0:00:08][%cal Oc6d4] [#] ...Nxd4! would be deadly.} 15. Kg2 {[%emt 0:12:20] Threatens to win with Bxc6.} Bxc3 16. bxc3 {[%emt 0:24:31] aiming for f4.} f5 17. f4 Ne6 18. Qa4 {[%emt 0:01:19] [#]} Qd7 $146 ({Predecessor:} 18... Qh4 19. Bxc6 bxc6 20. Qxc6 Rae8 21. Qxd5 g5 22. f3 Kh8 23. Kh2 Rb8 24. Qxe6 Rb2+ {0-1 Pichot,A (2630)-So,W (2770) Carlsen Inv Prelim rapid 2021 (4)}) 19. Qd1 a6 20. Be2 Ne7 21. h4 (21. Rh1 {is interesting.} Ng6 22. Kg3 c5 23. h4) 21... Rac8 (21... c5 {seems wilder.} 22. a4 Ng6 23. Kg3 Rac8) 22. h5 c5 23. dxc5 Nxc5 24. c4 ({White should play} 24. Bxc5 $14 Rxc5 25. Qb3) 24... Ne6 $11 {[%emt 0:04:43] The position is equal.} 25. cxd5 Nxd5 26. Kg3 Rfd8 27. Bf3 g5 28. hxg6 hxg6 29. Qxd5 Qxd5 30. Bxd5 Rxd5 31. Rfd1 Rcd8 32. Rxd5 Rxd5 33. a4 Kf7 34. Kf3 g5 {[%emt 0:02:28][%mdl 64] [#] Deflection} 35. fxg5 Rxe5 36. Rh1 f4 {[%emt 0:08:42] Weighted Error Value: White=0.05 (flawless) /Black=0.05 (flawless)} 1/2-1/2

[Event "UK vs Ukraine Challenge Match 2023"]
[Site "London"]
[Date "2023.03.30"]
[Round "8.1"]
[White "Adams, Michael"]
[Black "Volokitin, Andrei"]
[Result "1-0"]
[ECO "C42"]
[WhiteElo "2687"]
[BlackElo "2665"]
[Annotator "TA"]
[PlyCount "133"]
[EventDate "2023.03.15"]
[EventType "match"]
[EventCountry "ENG"]
[SourceTitle "playchess.com"]
[Source "ChessBase"]
[SourceQuality "1"]
[TimeControl "40/6000+30:3000+30"]

1. e4 e5 2. Nf3 Nf6 3. Nxe5 d6 4. Nf3 Nxe4 5. d4 d5 6. Bd3 Bd6 7. O-O O-O 8. c4 c6 9. cxd5 cxd5 10. Nc3 Nxc3 11. bxc3 Bg4 12. h3 Bh5 13. Rb1 Nd7 14. Rxb7 {[%emt 0:03:56] C42: Petroff Defence: 3 Nxe5 and unusual White 3rd moves.} Nb6 15. Ba6 Qe8 16. Bd2 {[%emt 0:16:40] White has an edge.} (16. g4 $5 Bg6 17. Nh4 $11) 16... Qc6 17. Ne5 {[%emt 0:10:18][%mdl 64] Repels Nc4. Discovered Attack} Qxb7 18. Bxb7 Bxd1 19. Bxa8 Be2 20. Re1 {[%emt 0:01:02] Bxd5 is the strong threat.} Bc4 21. Bb7 Rb8 22. Bc6 {[%emt 0:02:10] next Nxc4 is good for White.} Rc8 {[%emt 0:05:17] [#]} 23. Bd7 $146 ({Predecessor:} 23. a4 Bxe5 24. Rxe5 h6 25. Be8 Bb3 26. Bb5 Bxa4 27. Bxa4 Nxa4 28. Rxd5 Nxc3 29. Bxc3 Rxc3 30. Rd8+ {½-½ Staniszewski,J (2464)-Hatzl,J (2496) W-ch33 sf06 email 2009}) 23... Rc7 {[%emt 0:14:03] [#]} (23... Nxd7 $11 24. Nxd7 f6) 24. Bf4 g5 $11 25. Nxc4 (25. Bxg5 $2 Bxe5 26. Bf5 Bd6 $19) 25... Bxf4 26. Nxb6 axb6 {[%emt 0:00:01][%mdl 4096] Endgame KRB-KRB} 27. Ba4 Rxc3 28. Re8+ Kg7 {[%emt 0:00:02] ( -> ...Rc1+)} 29. g3 Bd2 30. Rb8 Rc4 31. Bb3 Rc6 32. Rd8 Rf6 33. Rxd5 ({Much worse is} 33. Bxd5 Be1 $11) 33... h6 34. Kg2 Be1 35. f3 Re6 36. Rd7 Rf6 37. Rc7 Kf8 38. Rc1 {[%emt 0:03:39] White is more active.} Bd2 39. Rc8+ Kg7 40. Kf2 Rd6 41. Rc7 Rxd4 42. Rxf7+ Kg6 43. Re7 Rd6 44. Re4 Bc3 45. h4 Kf5 46. h5 Be5 47. Ra4 Bd4+ 48. Ke2 Be5 49. Bc2+ Kf6 50. f4 Bc3 51. Kf3 gxf4 52. gxf4 Rd5 53. Rc4 Rc5 $2 {[%emt 0:02:04][%mdl 8192] [#] Loses the game.} (53... Rxh5 $14 54. Rc6+ (54. Rxc3 $2 {perishes.} Rh3+ {[%mdl 64] Skewer} 55. Kg4 Rxc3 $19) 54... Ke7) 54. Rxc5 $1 {[%emt 0:03:38] White mates.} bxc5 {[%emt 0:00:01] KB-KB} 55. Bd3 Bd2 56. Ke4 Ba5 57. a4 Bc7 58. f5 Bd8 59. Kd5 c4 60. Kxc4 ({Less strong is} 60. Bxc4 Kxf5 61. Bd3+ Kf4 $14) 60... Kg5 61. Kb5 Kxh5 62. a5 Bxa5 63. Kxa5 Kg5 64. Kb5 h5 65. Kc5 h4 66. Kd4 h3 67. Ke4 $4 {[%emt 0:09:53][%mdl 40960] Weighted Error Value: White=0.05 (flawless) /Black=0.16 (very precise) . Sensor Board Error (Ke4/e5)?} (67. Ke5 {avoids the disaster.} Kh5 68. f6 Kh6 69. Be4 h2 70. Kf5 h1=B 71. Bxh1 Kh7 72. f7) 1-0